[Event "7th Summer Cup 2024"]
[Site "Rhodes"]
[Date "2024.06.30"]
[Round "9.2"]
[White "Stefanova, Antoaneta"]
[Black "Witczak, Borys"]
[Result "1-0"]
[ECO "E11"]
[WhiteElo "2417"]
[BlackElo "1937"]
[Annotator "RC"]
[PlyCount "57"]
[EventDate "2024.06.21"]
[EventType "swiss"]
[EventCountry "GRE"]
[SourceTitle "playchess.com"]
[Source "ChessBase"]
[SourceQuality "1"]
[TimeControl "40/5400+30:900+30"]

1. d4 Nf6 2. c4 e6 3. Nf3 Bb4+ 4. Nbd2 b6 5. a3 Bxd2+ 6. Qxd2 Bb7 7. b4 a5 8. b5 O-O 9. Bb2 d6 10. e3 Nbd7 11. Bd3 Ne4 12. Qc2 f5 13. O-O g5 14. Ne1 g4 15. f3 g3 16. fxe4 fxe4 17. Rxf8+ Qxf8 18. hxg3 exd3 19. Nxd3 Be4 20. Qe2 Qf5 21. Nf4 Nf6 22. Rf1 Kg7 23. d5 Kg8 24. Nxe6 Qh5 25. Qf2 Rf8 26. Bxf6 Rf7 27. Ng5 Bd3 28. Nxf7 Bxf1 29. Qxf1 1-0

[Event "7th Summer Cup 2024"]
[Site "Rhodes"]
[Date "2024.06.30"]
[Round "9.3"]
[White "Kotronias, Vasilios"]
[Black "Sibashvili, Giorgi"]
[Result "1-0"]
[ECO "B69"]
[WhiteElo "2415"]
[BlackElo "2423"]
[Annotator "RC"]
[PlyCount "97"]
[EventDate "2024.06.21"]
[EventType "swiss"]
[EventCountry "GRE"]
[SourceTitle "playchess.com"]
[Source "ChessBase"]
[SourceQuality "1"]
[TimeControl "40/5400+30:900+30"]

1. e4 c5 2. Nf3 d6 3. d4 cxd4 4. Nxd4 Nf6 5. Nc3 Nc6 6. Bg5 e6 7. Qd2 a6 8. O-O-O Bd7 9. f4 Be7 10. Nf3 b5 11. Bxf6 gxf6 12. Bd3 Qb6 13. Kb1 O-O-O 14. Rhe1 Kb8 15. Nd5 exd5 16. exd5 Ne5 17. fxe5 fxe5 18. Qh6 Qc7 19. Qh5 Rdg8 20. Qxf7 Qd8 21. Qh5 Qf8 22. Re4 Rxg2 23. a4 Rhg8 24. Rf1 Qe8 25. Qh6 Kb7 26. axb5 axb5 27. Rb4 R8g4 28. Rxg4 Rxg4 29. Qxh7 Rf4 30. Nd2 Rxf1+ 31. Nxf1 Kc7 32. Ng3 Kd8 33. Bf5 Qf8 34. Bxd7 Kxd7 35. Qf5+ Qxf5 36. Nxf5 Bg5 37. h4 Bf4 38. c3 e4 39. Kc2 Ke8 40. Nd4 Kf7 41. Nxb5 Kg6 42. c4 Kh5 43. Nc3 e3 44. Ne2 Bh6 45. b4 Kxh4 46. b5 Bg5 47. b6 Bd8 48. b7 Bc7 49. Kd3 1-0

[Event "7th Summer Cup 2024"]
[Site "Rhodes"]
[Date "2024.06.30"]
[Round "9.5"]
[White "Papasimakopoulos, Alexandros"]
[Black "Szalay-Ocsak, Bank"]
[Result "1/2-1/2"]
[ECO "D02"]
[WhiteElo "2375"]
[BlackElo "2279"]
[Annotator "RC"]
[PlyCount "92"]
[EventDate "2024.06.21"]
[EventType "swiss"]
[EventCountry "GRE"]
[SourceTitle "playchess.com"]
[Source "ChessBase"]
[SourceQuality "1"]
[TimeControl "40/5400+30:900+30"]

1. d4 d5 2. Nf3 Nf6 3. Nbd2 e6 4. e3 b6 5. c4 Bb7 6. cxd5 exd5 7. Qa4+ c6 8. Ne5 Bd6 9. f4 O-O 10. Bd3 c5 11. O-O Qc8 12. Ndf3 Ba6 13. Bxa6 Qxa6 14. Qxa6 Nxa6 15. dxc5 bxc5 16. Rd1 Rab8 17. b3 Nb4 18. Bd2 Rfc8 19. Bxb4 Rxb4 20. g4 h6 21. h4 g5 22. hxg5 hxg5 23. fxg5 Bxe5 24. Nxe5 Nxg4 25. Rxd5 Nxe5 26. Rxe5 c4 27. Rc1 Kg7 28. bxc4 Rcxc4 29. Rxc4 Rxc4 30. Ra5 Rc2 31. Kf1 Kg6 32. Ke1 Rg2 33. Kf1 Rb2 34. a4 Ra2 35. Ke1 Kh5 36. Kd1 Kg4 37. Kc1 Kf3 38. Rxa7 Kxe3 39. a5 Kd4 40. a6 Kc5 41. Kb1 Ra5 42. Rxf7 Rxa6 43. Rf5+ Kd4 44. Rf6 Ra7 45. g6 Rg7 46. Rf7 Rxg6 1/2-1/2

[Event "7th Summer Cup 2024"]
[Site "Rhodes"]
[Date "2024.06.30"]
[Round "9.6"]
[White "Budisavljevic, Luka"]
[Black "Rigopoulos-Tsigkos, Alexandros"]
[Result "1-0"]
[ECO "D30"]
[WhiteElo "2468"]
[BlackElo "2039"]
[Annotator "TA"]
[PlyCount "73"]
[EventDate "2024.06.21"]
[EventType "swiss"]
[EventCountry "GRE"]
[SourceTitle "playchess.com"]
[Source "ChessBase"]
[SourceQuality "1"]
[TimeControl "40/5400+30:900+30"]

1. Nf3 d5 2. c4 c6 3. e3 Nf6 4. d4 e6 5. Nbd2 Be7 6. Bd3 a6 7. O-O O-O 8. e4 dxe4 9. Nxe4 Nbd7 10. b3 Nxe4 11. Bxe4 Bf6 12. Bb2 Re8 13. Re1 c5 {[%emt 0:03:00] White is better.} 14. Qc2 h6 15. Rad1 {[%emt 0:00:29] White is more active.} cxd4 16. Nxd4 Qc7 17. Re3 Nc5 18. Bh7+ Kh8 19. b4 Nd7 20. Bd3 (20. c5 $16) 20... Ne5 21. Be2 Bd7 22. Nb3 {[%emt 0:03:42] [#] Hoping for Bxe5.} Ba4 23. Re1 Rec8 24. Rh3 Qe7 25. Bxe5 Bxe5 26. Qe4 Bf6 $1 (26... Qxb4 $2 27. Bd3 Bxh2+ 28. Kxh2 (28. Rxh2 Kg8 $18) 28... Qd6+ 29. Kg1 $18) 27. Bd3 g6 $1 28. Nc5 $132 {[%emt 0:00:36][%mdl 2048] White is not holding back} Bc6 29. Rxh6+ (29. Qe3 $5 h5 30. Rxh5+ Kg8 (30... gxh5 $2 31. Qh6+ Kg8 32. Re3 $18) 31. Qh6 $11) 29... Kg8 $1 30. Qg4 {[%emt 0:00:37][%cal Od3g6] Strongly threatening Bxg6!} Bg7 {[%emt 0:04:17] [#] This pair of bishops is nice.} (30... Be8 $1 $11 {remains equal.}) 31. Rxe6 $1 $16 fxe6 {[%emt 0:04:55][%mdl 8192] This costs Black the game.} (31... Bd7 $16 32. Qxg6 (32. Nxb7 $2 {too greedy.} Bxe6 33. Qh4 Qxb7 $19) (32. Rxe7 Bxg4 33. h3 Bxh6 $17) 32... fxg6 (32... Bxe6 33. Rh8+ Kxh8 34. Qh7#) 33. Rxe7 Bxh6) 32. Qxg6 $18 {[%emt 0:00:10][%cal Oh6h8] White wants to mate with Rh8+!} Kf8 33. Nxe6+ Qxe6 34. Qxe6 {[%emt 0:00:02] Qd6+ would kill now.} Bxh6 35. Qxh6+ Ke7 36. Qg5+ Kd6 37. c5+ {[%emt 0:00:03] Weighted Error Value: White=0.10 (very precise) /Black=0.47.  Loses game:     	---       	Black=1      Mistake:       	White=1     	Black=1      Inaccurate:     	---       	Black=2      OK:         	White=4     	Black=7      Best:        	White=3     	Black=3      Strong:       	White=1     	Black=3} 1-0

[Event "7th Summer Cup 2024"]
[Site "Rhodes"]
[Date "2024.06.30"]
[Round "9.7"]
[White "Grapsa, Georgia"]
[Black "Seres, Bela"]
[Result "1/2-1/2"]
[ECO "E16"]
[WhiteElo "1979"]
[BlackElo "2126"]
[Annotator "RC"]
[PlyCount "43"]
[EventDate "2024.06.21"]
[EventType "swiss"]
[EventCountry "GRE"]
[SourceTitle "playchess.com"]
[Source "ChessBase"]
[SourceQuality "1"]
[TimeControl "40/5400+30:900+30"]

1. d4 Nf6 2. Nf3 e6 3. c4 Bb4+ 4. Bd2 a5 5. g3 b6 6. Bg2 Bb7 7. a3 Bxd2+ 8. Qxd2 d6 9. O-O O-O 10. Nc3 Qe7 11. Qc2 Nbd7 12. Rfe1 e5 13. Nxe5 Bxg2 14. Nxd7 Qxd7 15. Kxg2 Qc6+ 16. e4 Qxc4 17. Rad1 Rfe8 18. b3 Qa6 19. a4 Qb7 20. f3 c6 21. Qd2 Rad8 22. g4 1/2-1/2

[Event "7th Summer Cup 2024"]
[Site "Rhodes"]
[Date "2024.06.30"]
[Round "9.8"]
[White "Mickiewicz, Piotr"]
[Black "Hofstadler, Mario"]
[Result "1-0"]
[ECO "A15"]
[WhiteElo "2257"]
[BlackElo "2103"]
[Annotator "RC"]
[PlyCount "95"]
[EventDate "2024.06.21"]
[EventType "swiss"]
[EventCountry "GRE"]
[SourceTitle "playchess.com"]
[Source "ChessBase"]
[SourceQuality "1"]
[TimeControl "40/5400+30:900+30"]

1. b3 Nf6 2. Bb2 g6 3. Nf3 Bg7 4. c4 O-O 5. g3 d6 6. Bg2 e5 7. d3 Nc6 8. Nbd2 Re8 9. e4 Nd7 10. O-O Nc5 11. Qb1 Rb8 12. a3 a5 13. Qc2 b5 14. Bc3 b4 15. axb4 Nxb4 16. Bxb4 axb4 17. Ra5 c6 18. Rfa1 Qb6 19. h4 Bd7 20. Kh2 Nb7 21. c5 dxc5 22. Nc4 Qc7 23. Ra7 Qd8 24. Bh3 Bxh3 25. Kxh3 Nd6 26. Nxd6 Qxd6 27. Ng5 Re7 28. Qc4 Rf8 29. Kg2 h6 30. Nf3 Rd8 31. h5 Kh7 32. Rxe7 Qxe7 33. Ra5 Bf8 34. Nh4 Kg7 35. Ra6 Qd7 36. hxg6 fxg6 37. Nf3 Bd6 38. Qc2 Rb8 39. Qe2 Rb7 40. Nd2 Bb8 41. Nc4 h5 42. Qe3 Ra7 43. Rxa7 Qxa7 44. Qg5 Qc7 45. Kf1 Kh7 46. Qf6 Kh6 47. Qf8+ Kg5 48. Nxe5 1-0

[Event "7th Summer Cup 2024"]
[Site "Rhodes"]
[Date "2024.06.30"]
[Round "9.9"]
[White "Baruch, Amit"]
[Black "Ballas, Athanasios-panagioti"]
[Result "0-1"]
[ECO "B07"]
[WhiteElo "1614"]
[BlackElo "2151"]
[Annotator "RC"]
[PlyCount "58"]
[EventDate "2024.06.21"]
[EventType "swiss"]
[EventCountry "GRE"]
[SourceTitle "playchess.com"]
[Source "ChessBase"]
[SourceQuality "1"]
[TimeControl "40/5400+30:900+30"]

1. e4 d6 2. d4 Nf6 3. Nc3 c6 4. f3 Nbd7 5. Be3 b5 6. a3 Bb7 7. Bd3 e5 8. Nge2 Be7 9. g4 O-O 10. h4 a5 11. Ng3 exd4 12. Bxd4 b4 13. Nce2 c5 14. Be3 c4 15. Bxc4 Ne5 16. Nd4 Nxc4 17. Bc1 d5 18. g5 Bd6 19. Ngf5 Nh5 20. f4 Nxf4 21. Qg4 Ne5 22. Qg1 Ne6 23. h5 Nxd4 24. Nxd4 Bc5 25. Ke2 Ba6+ 26. Kd1 dxe4 27. c3 Nf3 28. Qe3 Nxd4 29. cxd4 Bxd4 0-1

[Event "7th Summer Cup 2024"]
[Site "Rhodes"]
[Date "2024.06.30"]
[Round "9.10"]
[White "Ghaith Saeed Alnuaimi"]
[Black "Gelle, Istvan"]
[Result "1/2-1/2"]
[ECO "B19"]
[WhiteElo "1799"]
[BlackElo "2163"]
[Annotator "RC"]
[PlyCount "90"]
[EventDate "2024.06.21"]
[EventType "swiss"]
[EventCountry "GRE"]
[SourceTitle "playchess.com"]
[Source "ChessBase"]
[SourceQuality "1"]
[TimeControl "40/5400+30:900+30"]

1. e4 c6 2. d4 d5 3. Nc3 dxe4 4. Nxe4 Bf5 5. Ng3 Bg6 6. h4 h6 7. Nf3 e6 8. Ne5 Bh7 9. Qh5 Qc7 10. Bc4 Nf6 11. Qe2 Bd6 12. Bd2 O-O 13. O-O-O b5 14. Bd3 Bxd3 15. Nxd3 Nbd7 16. Ne4 Nd5 17. g4 Nf4 18. Nxf4 Bxf4 19. g5 Bxd2+ 20. Nxd2 Qf4 21. Rdg1 Kh8 22. Rg4 Qf5 23. Rg3 e5 24. Rf3 Qg4 25. Qe4 Qxe4 26. Nxe4 exd4 27. Rd1 f6 28. Rxd4 fxg5 29. Rxf8+ Nxf8 30. hxg5 Ne6 31. Rd6 Nxg5 32. Nxg5 hxg5 33. Kd2 Rc8 34. Rg6 Kg8 35. Kd3 Kf7 36. Rxg5 Kf6 37. Rc5 Rd8+ 38. Ke4 Re8+ 39. Kf4 Re6 40. a3 a5 41. b3 Rd6 42. Ke4 Re6+ 43. Kf4 Rd6 44. Ke4 Re6+ 45. Kf4 Rd6 1/2-1/2

[Event "7th Summer Cup 2024"]
[Site "Rhodes"]
[Date "2024.06.30"]
[Round "9.11"]
[White "Al Maamari, Wafia Darwish"]
[Black "Girard, Adrien"]
[Result "1-0"]
[ECO "A12"]
[WhiteElo "1933"]
[BlackElo "1828"]
[Annotator "RC"]
[PlyCount "91"]
[EventDate "2024.06.21"]
[EventType "swiss"]
[EventCountry "GRE"]
[SourceTitle "playchess.com"]
[Source "ChessBase"]
[SourceQuality "1"]
[TimeControl "40/5400+30:900+30"]

1. Nf3 d5 2. b3 Bg4 3. e3 Nf6 4. Bb2 Nbd7 5. Be2 e6 6. c4 c6 7. O-O Bd6 8. Nc3 O-O 9. h3 Bh5 10. Rc1 a6 11. cxd5 cxd5 12. Nd4 Bxe2 13. Qxe2 Qe7 14. d3 Ba3 15. Bxa3 Qxa3 16. Rc2 Rac8 17. Rfc1 Rc7 18. g4 Rfc8 19. Qd2 Ne8 20. Kg2 Qe7 21. Na4 Rxc2 22. Rxc2 Rxc2 23. Qxc2 b5 24. Qc8 Kf8 25. Nc3 Qd6 26. Nc6 Qc7 27. Qxa6 Nc5 28. Qxb5 Nxd3 29. Qxd3 Qxc6 30. f3 Nd6 31. a4 Ke7 32. Kf2 h6 33. Ke2 Qc5 34. Kd2 Qb4 35. Kc2 Kd7 36. Qd4 Qxd4 37. exd4 Kc6 38. a5 Nb5 39. Nxb5 Kxb5 40. b4 g5 41. Kd3 f6 42. Ke3 Kc6 43. f4 Kb5 44. Kf3 Ka6 45. Kg3 Kb5 46. h4 1-0

[Event "7th Summer Cup 2024"]
[Site "Rhodes"]
[Date "2024.06.30"]
[Round "9.12"]
[White "Michelakis, Evaggelos"]
[Black "Perrakis, Polychronis"]
[Result "1-0"]
[ECO "C40"]
[WhiteElo "1734"]
[BlackElo "1754"]
[Annotator "NA RC"]
[PlyCount "97"]
[EventDate "2024.06.21"]
[EventType "swiss"]
[EventCountry "GRE"]
[SourceTitle "playchess.com"]
[Source "ChessBase"]
[SourceQuality "1"]
[TimeControl "40/5400+30:900+30"]

1. e4 e5 2. Nf3 d5 3. exd5 e4 4. Ne5 Nf6 5. Bb5+ c6 6. dxc6 bxc6 7. Be2 Bd6 8. Ng4 Nd5 9. Nc3 Nf4 10. Ne3 f5 11. d3 exd3 12. Bxd3 O-O 13. Qf3 Nxd3+ 14. cxd3 g5 15. g3 Qe7 16. Qe2 Qf7 17. Bd2 Ba6 18. O-O-O Nd7 19. Nc4 Be7 20. h4 g4 21. Bf4 Rfe8 22. Ne3 Bc5 23. f3 Bxe3+ 24. Bxe3 Nf6 25. Rhf1 Re5 26. Qf2 Rae8 27. Bd4 R5e7 28. Bxf6 Qxf6 29. fxg4 Re3 30. Kc2 Qd4 31. Qxf5 Re2+ 32. Rd2 Rxd2+ 33. Kxd2 Qe3+ 34. Kc2 Qe7 35. Ne4 Bxd3+ 36. Kxd3 Rd8+ 37. Ke2 Rd5 38. Qf4 Re5 39. Kf3 c5 40. Re1 Kh8 41. Kf2 Re6 42. h5 Qd8 43. Kg2 Qe7 44. h6 c4 45. Qb8+ Qe8 46. Qxe8+ Rxe8 47. g5 Rb8 48. Re2 Kg8 49. Nd6 1-0

[Event "7th Summer Cup 2024"]
[Site "Rhodes"]
[Date "2024.06.30"]
[Round "9.13"]
[White "Van de Lagemaat, Arend"]
[Black "Mohammed Saeed Alshamsi"]
[Result "1-0"]
[ECO "E06"]
[WhiteElo "2030"]
[BlackElo "1474"]
[Annotator "RC"]
[PlyCount "85"]
[EventDate "2024.06.21"]
[EventType "swiss"]
[EventCountry "GRE"]
[SourceTitle "playchess.com"]
[Source "ChessBase"]
[SourceQuality "1"]
[TimeControl "40/5400+30:900+30"]

1. d4 Nf6 2. Nf3 e6 3. g3 Be7 4. Bg2 O-O 5. O-O d5 6. c4 c6 7. Qc2 b6 8. Nbd2 Bb7 9. e4 Na6 10. a3 c5 11. exd5 exd5 12. dxc5 Nxc5 13. b4 Nce4 14. Bb2 dxc4 15. Nxc4 Rc8 16. Qe2 Ba6 17. Nfe5 Nd6 18. Rfc1 Nxc4 19. Nxc4 Re8 20. Bf1 Bxb4 21. Qf3 Be7 22. Ne3 Bxf1 23. Rxf1 Qd7 24. Rac1 Rxc1 25. Rxc1 Rc8 26. Rxc8+ Qxc8 27. Nf5 Bd8 28. g4 Ne8 29. Kg2 Qd7 30. Qa8 h6 31. h3 Kh7 32. Qe4 Nf6 33. Qc2 g6 34. Ne3 Qe6 35. Qc3 Qe4+ 36. Kg1 Kg7 37. h4 g5 38. h5 Kh7 39. Qb3 Qe6 40. Qd3+ Qe4 41. Qxd8 Qb1+ 42. Nd1 Ng8 43. Qd5 1-0

[Event "7th Summer Cup 2024"]
[Site "Rhodes"]
[Date "2024.06.30"]
[Round "9.14"]
[White "Katsiaras, Dimitrios"]
[Black "Heesen, Jos"]
[Result "1-0"]
[ECO "C02"]
[WhiteElo "1471"]
[BlackElo "1866"]
[Annotator "NA RC"]
[PlyCount "47"]
[EventDate "2024.06.21"]
[EventType "swiss"]
[EventCountry "GRE"]
[SourceTitle "playchess.com"]
[Source "ChessBase"]
[SourceQuality "1"]
[TimeControl "40/5400+30:900+30"]

1. e4 e6 2. d4 d5 3. e5 c5 4. Bb5+ Nc6 5. Nf3 Bd7 6. Nc3 a6 7. Bxc6 Bxc6 8. O-O Qb6 9. b3 cxd4 10. Qxd4 Bc5 11. Qg4 Kf8 12. Na4 Bxa4 13. Qxa4 Ne7 14. Ba3 Rc8 15. Rac1 Bxa3 16. Qxa3 Rc3 17. Rfd1 Qc7 18. Rd3 Kg8 19. Rxc3 Nc6 20. Qd6 Qc8 21. Nd4 h6 22. Nxc6 bxc6 23. Rxc6 Qb7 24. Rb6 1-0